[Event "Polgar Challenge 2021"]
[Site "Online"]
[Date "2021.04.04"]
[Round "1.6"]
[White "Saduakassova, Dinara"]
[Black "Khademalsharieh, Sarasadat"]
[Result "0-1"]
[ECO "D37"]
[WhiteElo "2500"]
[BlackElo "2494"]
[Annotator "ChessBase"]
[PlyCount "62"]
[EventDate "2021.04.08"]
[EventType "tourn"]
[EventCountry "NET"]
[SourceTitle "playchess.com"]
[Source "ChessBase"]
[SourceQuality "1"]
[TimeControl "600+5"]

1. d4 d5 2. c4 e6 3. Nf3 a6 4. cxd5 exd5 5. Nc3 Nf6 6. Bg5 Be6 7. Qb3 Ra7 8. e3 Nbd7 9. Bd3 c5 10. dxc5 d4 11. Bxf6 gxf6 12. Qc2 dxc3 13. Qxc3 Nxc5 14. Bc2 Ra8 15. Rd1 Nd7 16. Nd4 Rc8 17. Qd2 Ne5 18. O-O Bc5 19. b4 Bxd4 20. exd4 Ng6 21. d5 Bd7 22. Rfe1+ Kf8 23. Qh6+ Kg8 24. Bb3 Qf8 25. Qe3 Qd6 26. Qh6 Qf8 27. Qe3 Qxb4 28. d6 Kg7 29. Rd4 Qc5 30. Red1 Rhe8 31. Qd2 Qc3 0-1

[Event "Polgar Challenge 2021"]
[Site "Online"]
[Date "2021.04.04"]
[Round "1.10"]
[White "Bjerre, Jonas Buhl"]
[Black "Gukesh D"]
[Result "1-0"]
[ECO "E04"]
[WhiteElo "2550"]
[BlackElo "2578"]
[Annotator "ChessBase"]
[PlyCount "35"]
[EventDate "2021.04.08"]
[EventType "tourn"]
[EventCountry "NET"]
[SourceTitle "playchess.com"]
[Source "ChessBase"]
[SourceQuality "1"]
[TimeControl "600+5"]

1. d4 d5 2. c4 e6 3. Nf3 Nf6 4. g3 dxc4 5. Bg2 a6 6. Ne5 Bb4+ 7. Nc3 Nd5 8. O-O O-O 9. Ne4 b5 10. b3 Bb7 11. bxc4 Nc3 12. Qc2 Qxd4 13. Ng5 Nxe2+ 14. Qxe2 Bxg2 15. Kxg2 Qxa1 16. Bb2 Qxa2 17. Qc2 f5 18. Ra1 1-0

[Event "Polgar Challenge 2021"]
[Site "Online"]
[Date "2021.04.04"]
[Round "2.1"]
[White "Zhu, Jiner"]
[Black "Gukesh D"]
[Result "0-1"]
[ECO "B12"]
[WhiteElo "2459"]
[BlackElo "2578"]
[Annotator "ChessBase"]
[PlyCount "98"]
[EventDate "2021.04.08"]
[EventType "tourn"]
[EventCountry "NET"]
[SourceTitle "playchess.com"]
[Source "ChessBase"]
[SourceQuality "1"]
[TimeControl "600+5"]

1. e4 c6 2. d4 d5 3. e5 Bf5 4. Nf3 e6 5. Be2 Ne7 6. O-O Nd7 7. c3 Ng6 8. Ne1 h5 9. Be3 f6 10. Bxh5 fxe5 11. Bxg6+ Bxg6 12. dxe5 Nxe5 13. Bd4 Nd7 14. Qe2 Qe7 15. Nd3 Bxd3 16. Qxd3 e5 17. Qg6+ Qf7 18. Qxf7+ Kxf7 19. Be3 Bd6 20. Nd2 Kg6 21. h3 Rae8 22. Rad1 Bc5 23. Ne4 Bxe3 24. fxe3 Re7 25. Ng3 Nc5 26. e4 Rd8 27. exd5 cxd5 28. Rfe1 Rdd7 29. Re2 e4 30. Rf1 Re5 31. Re3 Rf7 32. Ne2 Rxf1+ 33. Kxf1 Nd3 34. b3 Kf6 35. Nd4 Re7 36. g3 Ke5 37. Ke2 Rf7 38. Kd2 Rf1 39. a4 Rh1 40. h4 Rh2+ 41. Re2 Rh1 42. Re3 a6 43. Re2 g6 44. Re3 Kd6 45. Re2 Rg1 46. Re3 Rg2+ 47. Ne2 Ne5 48. c4 Ng4 49. c5+ Ke5 0-1

[Event "Polgar Challenge 2021"]
[Site "Online"]
[Date "2021.04.04"]
[Round "2.2"]
[White "Keymer, Vincent"]
[Black "Bjerre, Jonas Buhl"]
[Result "1-0"]
[ECO "D38"]
[WhiteElo "2591"]
[BlackElo "2550"]
[Annotator "ChessBase"]
[PlyCount "87"]
[EventDate "2021.04.08"]
[EventType "tourn"]
[EventCountry "NET"]
[SourceTitle "playchess.com"]
[Source "ChessBase"]
[SourceQuality "1"]
[TimeControl "600+5"]

1. d4 Nf6 2. c4 e6 3. Nf3 d5 4. Nc3 Bb4 5. Qa4+ Nc6 6. e3 O-O 7. Bd2 dxc4 8. Bxc4 Bd6 9. Qc2 e5 10. dxe5 Nxe5 11. Nxe5 Bxe5 12. O-O c6 13. h3 Nd5 14. Ne2 Qf6 15. Bxd5 cxd5 16. Bc3 Bf5 17. Bxe5 Qxe5 18. Qc3 Qd6 19. Rac1 Rac8 20. Qd4 Qa6 21. Nc3 Be6 22. Rfd1 Rc4 23. Qd3 Rfc8 24. b3 R4c7 25. Qxa6 bxa6 26. Ne2 Rc2 27. Kf1 a5 28. a3 g6 29. Rxc2 Rxc2 30. Nd4 Rc3 31. Ke1 a4 32. Kd2 Rc7 33. b4 Kf8 34. Rc1 Rxc1 35. Kxc1 Bd7 36. Kd2 Ke7 37. Kc3 Kd6 38. Nf3 f6 39. Kd4 Bb5 40. h4 Bf1 41. g3 Be2 42. Nd2 a6 43. e4 dxe4 44. Nxe4+ 1-0

[Event "Polgar Challenge 2021"]
[Site "Online"]
[Date "2021.04.04"]
[Round "2.4"]
[White "Abdumalik, Zhansaya"]
[Black "Yoo, Christopher Woojin"]
[Result "1/2-1/2"]
[ECO "B40"]
[WhiteElo "2472"]
[BlackElo "2455"]
[Annotator "ChessBase"]
[PlyCount "84"]
[EventDate "2021.04.08"]
[EventType "tourn"]
[EventCountry "NET"]
[SourceTitle "playchess.com"]
[Source "ChessBase"]
[SourceQuality "1"]
[TimeControl "600+5"]

1. e4 c5 2. Nf3 e6 3. d4 cxd4 4. Nxd4 Nf6 5. Nc3 Bb4 6. Bd3 d6 7. O-O O-O 8. Nce2 e5 9. Nb3 d5 10. exd5 Nxd5 11. Ng3 Nc6 12. c3 Be7 13. Nf5 Bg5 14. Qh5 h6 15. Bxg5 Qxg5 16. Qxg5 hxg5 17. Nd6 Rd8 18. Nxc8 Raxc8 19. Rfd1 Nce7 20. Be4 f5 21. Bxd5+ Nxd5 22. Re1 e4 23. Nd4 g6 24. Ne6 Rd6 25. Nxg5 Nf4 26. g3 Nd3 27. Re2 Rb6 28. f3 exf3 29. Nxf3 Nxb2 30. Rb1 Na4 31. Rxb6 axb6 32. Nh4 Kf7 33. Rd2 Nc5 34. Nf3 Ke7 35. Re2+ Kf6 36. Rb2 Rc6 37. c4 Ne4 38. Kg2 Nd6 39. Nd2 Ke5 40. Nf3+ Kf6 41. Nd2 Ke5 42. Nf3+ Kf6 1/2-1/2

[Event "Polgar Challenge 2021"]
[Site "Online"]
[Date "2021.04.04"]
[Round "2.5"]
[White "Khademalsharieh, Sarasadat"]
[Black "Liang, Awonder"]
[Result "0-1"]
[ECO "E65"]
[WhiteElo "2494"]
[BlackElo "2592"]
[Annotator "ChessBase"]
[PlyCount "76"]
[EventDate "2021.04.08"]
[EventType "tourn"]
[EventCountry "NET"]
[SourceTitle "playchess.com"]
[Source "ChessBase"]
[SourceQuality "1"]
[TimeControl "600+5"]

1. d4 Nf6 2. c4 g6 3. g3 Bg7 4. Bg2 O-O 5. Nc3 d6 6. Nf3 c5 7. dxc5 dxc5 8. O-O Nc6 9. Bf4 Be6 10. Ne5 Qc8 11. Nxc6 bxc6 12. b3 Bh3 13. Rc1 Rd8 14. Qc2 Nh5 15. Be3 Bd4 16. Na4 Bxe3 17. fxe3 Bxg2 18. Kxg2 Qe6 19. Qc3 Qg4 20. Rf3 Ng7 21. Nxc5 Nf5 22. Kh1 Rd6 23. Rcf1 Qh3 24. Kg1 Nh6 25. R3f2 Ng4 26. Rg2 Qh6 27. Nd3 Rad8 28. Rf4 Nxe3 29. Rgf2 Nd1 30. Qa5 Nxf2 31. Nxf2 Qh5 32. Qxa7 Qxe2 33. Re4 Rd1+ 34. Kg2 Qf1+ 35. Kf3 R1d7 36. Qc5 e6 37. Qxc6 Rd3+ 38. Re3 Rd2 0-1

[Event "Polgar Challenge 2021"]
[Site "Online"]
[Date "2021.04.04"]
[Round "2.7"]
[White "Murzin, Volodar"]
[Black "Salimova, Nurgyul"]
[Result "0-1"]
[ECO "B13"]
[WhiteElo "2478"]
[BlackElo "2397"]
[Annotator "ChessBase"]
[PlyCount "62"]
[EventDate "2021.04.08"]
[EventType "tourn"]
[EventCountry "NET"]
[SourceTitle "playchess.com"]
[Source "ChessBase"]
[SourceQuality "1"]
[TimeControl "600+5"]

1. e4 c6 2. d4 d5 3. exd5 cxd5 4. Bd3 Nf6 5. c3 Bg4 6. Ne2 e6 7. O-O Nc6 8. Qe1 Bd6 9. f3 Bh5 10. Qh4 h6 11. Ng3 Bg6 12. Bxg6 fxg6 13. f4 Qd7 14. Nd2 O-O-O 15. Nf3 g5 16. fxg5 hxg5 17. Qxg5 Ne4 18. Nxe4 dxe4 19. Ne5 Nxe5 20. dxe5 Bc5+ 21. Be3 Qd2 22. Rae1 Rd3 23. Qxg7 Bxe3+ 24. Kh1 Rdd8 25. Qg4 Kb8 26. Qxe4 Bb6 27. Rf6 Rde8 28. Rf7 Rxh2+ 29. Kxh2 Qh6+ 30. Kg3 Rg8+ 31. Kf3 Qh5+ 0-1

[Event "Polgar Challenge 2021"]
[Site "Online"]
[Date "2021.04.04"]
[Round "2.10"]
[White "Badelka, Olga"]
[Black "Lei, Tingjie"]
[Result "0-1"]
[ECO "D02"]
[WhiteElo "2433"]
[BlackElo "2505"]
[Annotator "ChessBase"]
[PlyCount "76"]
[EventDate "2021.04.08"]
[EventType "tourn"]
[EventCountry "NET"]
[SourceTitle "playchess.com"]
[Source "ChessBase"]
[SourceQuality "1"]
[TimeControl "600+5"]

1. d4 d5 2. Nf3 Nf6 3. Bf4 e6 4. e3 Bd6 5. Bg3 c5 6. Nbd2 Qb6 7. Bxd6 Qxd6 8. dxc5 Qxc5 9. c4 Nc6 10. Rc1 d4 11. exd4 Nxd4 12. a3 O-O 13. b4 Nxf3+ 14. Nxf3 Qe7 15. c5 e5 16. Bc4 e4 17. Ng5 h6 18. Nxf7 Rxf7 19. Bxf7+ Qxf7 20. Qd8+ Kh7 21. O-O Qg6 22. Qd6 Bd7 23. Rc3 Bb5 24. Rg3 Qf7 25. Rd1 Nh5 26. Re3 Rf8 27. Qd2 Nf4 28. f3 exf3 29. Rxf3 Bc6 30. Rg3 Be4 31. Re1 Qf5 32. Qe3 Bc6 33. Qd2 Rf6 34. h3 Nxg2 35. Rxg2 Bxg2 36. Kxg2 Rg6+ 37. Kh2 Qf3 38. Re3 Qf4+ 0-1

[Event "Polgar Challenge 2021"]
[Site "Online"]
[Date "2021.04.04"]
[Round "3.1"]
[White "Lei, Tingjie"]
[Black "Zhu, Jiner"]
[Result "1-0"]
[ECO "A18"]
[WhiteElo "2505"]
[BlackElo "2459"]
[Annotator "ChessBase"]
[PlyCount "43"]
[EventDate "2021.04.08"]
[EventType "tourn"]
[EventCountry "NET"]
[SourceTitle "playchess.com"]
[Source "ChessBase"]
[SourceQuality "1"]
[TimeControl "600+5"]

1. c4 Nf6 2. Nc3 e6 3. e4 d5 4. cxd5 exd5 5. e5 d4 6. exf6 dxc3 7. Bb5+ c6 8. Qe2+ Be6 9. Bc4 cxd2+ 10. Bxd2 Qxf6 11. Nf3 Be7 12. O-O-O h6 13. Rhe1 O-O 14. Bxe6 Qxe6 15. Qd3 Qd6 16. Qe4 Qc5+ 17. Kb1 Bd6 18. Be3 Qb4 19. Rd4 Qc5 20. Rc1 Qa5 21. Rxd6 Na6 22. Bxh6 1-0

[Event "Polgar Challenge 2021"]
[Site "Online"]
[Date "2021.04.04"]
[Round "3.2"]
[White "Yip, Carissa"]
[Black "Badelka, Olga"]
[Result "1-0"]
[ECO "B01"]
[WhiteElo "2430"]
[BlackElo "2433"]
[Annotator "NA"]
[PlyCount "95"]
[EventDate "2021.04.08"]
[EventType "tourn"]
[EventCountry "NET"]
[SourceTitle "playchess.com"]
[Source "ChessBase"]
[SourceQuality "1"]
[TimeControl "600+5"]

1. e4 d5 2. exd5 Qxd5 3. Nc3 Qd6 4. d4 Nf6 5. Nb5 Qd8 6. c4 c6 7. Nc3 Bg4 8. Qb3 Qb6 9. h3 Bh5 10. c5 Qxb3 11. axb3 Nbd7 12. b4 e5 13. dxe5 Nxe5 14. f4 Ned7 15. g4 Nxg4 16. hxg4 Bxg4 17. Bh3 f5 18. Kf2 Nf6 19. Bg2 a6 20. Nf3 O-O-O 21. Be3 Bxf3 22. Bxf3 Be7 23. Rhd1 h5 24. Rxd8+ Bxd8 25. Rh1 h4 26. Bd4 Rh7 27. Be5 Nd7 28. Bd6 Bf6 29. Be2 Bd4+ 30. Kf3 Nf6 31. Bc4 Kd7 32. Re1 h3 33. Be6+ Kd8 34. Bxf5 Rh5 35. Be7+ Kc7 36. Bxf6 Bxf6 37. Bg4 Rh8 38. Rh1 h2 39. Kg2 Rh4 40. Kg3 b6 41. Ne4 Be7 42. Rxh2 Rxh2 43. Kxh2 a5 44. cxb6+ Kxb6 45. bxa5+ Kxa5 46. Be6 Kb4 47. Kg3 c5 48. b3 1-0

[Event "Polgar Challenge 2021"]
[Site "Online"]
[Date "2021.04.04"]
[Round "3.4"]
[White "Salimova, Nurgyul"]
[Black "Mammadzada, Gunay"]
[Result "0-1"]
[ECO "D15"]
[WhiteElo "2397"]
[BlackElo "2443"]
[Annotator "NA"]
[PlyCount "66"]
[EventDate "2021.04.08"]
[EventType "tourn"]
[EventCountry "NET"]
[SourceTitle "playchess.com"]
[Source "ChessBase"]
[SourceQuality "1"]
[TimeControl "600+5"]

1. d4 Nf6 2. Nf3 d5 3. c4 c6 4. Nc3 a6 5. Qc2 g6 6. e4 dxe4 7. Nxe4 Nxe4 8. Qxe4 Bg7 9. Be2 O-O 10. O-O Bf5 11. Qh4 Nd7 12. Bg5 Re8 13. Rad1 Qc7 14. Rfe1 e5 15. dxe5 Nxe5 16. Nd4 Bd7 17. Bf6 c5 18. Bxg7 Kxg7 19. Nc2 Bc6 20. Ne3 Rad8 21. Qg3 f6 22. h4 Kh8 23. h5 Qg7 24. hxg6 Qxg6 25. Qh3 Rg8 26. Rxd8 Rxd8 27. Bf1 Nf3+ 28. Kh1 Nxe1 29. Qe6 Re8 30. Qd6 Kg7 31. Qc7+ Kg8 32. Qh2 Re5 33. Be2 Nxg2 0-1

[Event "Polgar Challenge 2021"]
[Site "Online"]
[Date "2021.04.04"]
[Round "3.5"]
[White "Saduakassova, Dinara"]
[Black "Murzin, Volodar"]
[Result "1/2-1/2"]
[ECO "E68"]
[WhiteElo "2500"]
[BlackElo "2478"]
[Annotator "ChessBase"]
[PlyCount "172"]
[EventDate "2021.04.08"]
[EventType "tourn"]
[EventCountry "NET"]
[SourceTitle "playchess.com"]
[Source "ChessBase"]
[SourceQuality "1"]
[TimeControl "600+5"]

1. d4 Nf6 2. c4 g6 3. g3 Bg7 4. Bg2 O-O 5. Nc3 d6 6. Nf3 Nbd7 7. O-O e5 8. e4 a6 9. h3 b5 10. dxe5 dxe5 11. Be3 b4 12. Nd5 Rb8 13. Nxf6+ Qxf6 14. Qd2 Qe7 15. Rfd1 Nc5 16. Qd5 Na4 17. Rab1 Nb6 18. Qc5 Qxc5 19. Bxc5 Re8 20. b3 Bf8 21. Bxf8 Kxf8 22. Ne1 a5 23. Nd3 Nd7 24. h4 Ke7 25. Bh3 f6 26. Bxd7 Bxd7 27. Nc5 Bc6 28. f3 Red8 29. Kf2 Rd6 30. Ke3 Rbd8 31. Rd3 f5 32. Rbd1 h5 33. R1d2 Rf8 34. Rd1 Ra8 35. R1d2 a4 36. Rxd6 cxd6 37. Nd3 Rb8 38. bxa4 Bxa4 39. Rb2 b3 40. axb3 Rxb3 41. Rxb3 Bxb3 42. exf5 gxf5 43. c5 Bc4 44. cxd6+ Kxd6 45. Nf2 Ke6 46. Nd1 Bb3 47. Nc3 Bc4 48. f4 Kf6 49. Na4 Ke6 50. Nc5+ Kd6 51. Nb7+ Ke6 52. Nc5+ Kd6 53. Na4 Ke6 54. Nb2 Bb5 55. Nd1 Kd5 56. Nf2 Ke6 57. Nh3 Kd5 58. Ng5 Bd7 59. fxe5 Kxe5 60. Nf3+ Kf6 61. Kf4 Bc8 62. Nd4 Bd7 63. Nc2 Bc8 64. Ne3 Be6 65. Nf1 Bd7 66. Nd2 Bc8 67. Nc4 Bd7 68. Ke3 Be6 69. Nd2 Bd5 70. Kf4 Be6 71. Nf3 Bc8 72. Nd4 Bd7 73. Ke3 Ke5 74. Ne2 Be8 75. Nf4 Bf7 76. Kd3 Be8 77. Ke3 Bf7 78. Nd3+ Kf6 79. Kd4 Be6 80. Nf4 Bf7 81. Nh3 Be6 82. Ng5 Bg8 83. Ke3 Bd5 84. Kf4 Bc6 85. Nh7+ Kg6 86. Ng5 Kf6 1/2-1/2

[Event "Polgar Challenge 2021"]
[Site "Online"]
[Date "2021.04.04"]
[Round "3.7"]
[White "Yoo, Christopher Woojin"]
[Black "Khademalsharieh, Sarasadat"]
[Result "1-0"]
[ECO "C44"]
[WhiteElo "2455"]
[BlackElo "2494"]
[Annotator "ChessBase"]
[PlyCount "59"]
[EventDate "2021.04.08"]
[EventType "tourn"]
[EventCountry "NET"]
[SourceTitle "playchess.com"]
[Source "ChessBase"]
[SourceQuality "1"]
[TimeControl "600+5"]

1. e4 e5 2. Nf3 Nc6 3. d4 exd4 4. c3 d5 5. Bd3 dxc3 6. exd5 Qxd5 7. Nxc3 Bb4 8. O-O Bxc3 9. bxc3 Bg4 10. c4 Qd6 11. Qb3 Bxf3 12. gxf3 Nge7 13. Ba3 Qf6 14. Qxb7 O-O 15. Qxc7 Rfd8 16. Be4 Rac8 17. Qg3 Nd4 18. Kh1 Nef5 19. Qh3 Rxc4 20. Rad1 Re8 21. Bb2 Qb6 22. Bxd4 Nxd4 23. Qxh7+ Kf8 24. Qh8+ Ke7 25. Qxg7 Ne6 26. Qh6 Rcc8 27. Qh4+ Kf8 28. Rd7 Qb2 29. Rg1 Red8 30. Qe7# 1-0

[Event "Polgar Challenge 2021"]
[Site "Online"]
[Date "2021.04.04"]
[Round "3.8"]
[White "Shuvalova, Polina"]
[Black "Abdumalik, Zhansaya"]
[Result "1/2-1/2"]
[ECO "D80"]
[WhiteElo "2476"]
[BlackElo "2472"]
[Annotator "ChessBase"]
[PlyCount "133"]
[EventDate "2021.04.08"]
[EventType "tourn"]
[EventCountry "NET"]
[SourceTitle "playchess.com"]
[Source "ChessBase"]
[SourceQuality "1"]
[TimeControl "600+5"]

1. d4 Nf6 2. c4 g6 3. Nc3 d5 4. Nf3 Bg7 5. Bg5 Ne4 6. Bf4 Nxc3 7. bxc3 O-O 8. e3 c5 9. cxd5 Qxd5 10. Be2 cxd4 11. cxd4 Nc6 12. O-O Bf5 13. Qa4 Qa5 14. Qxa5 Nxa5 15. Nd2 Rac8 16. g4 Be6 17. Rfc1 Rxc1+ 18. Rxc1 Rc8 19. Rxc8+ Bxc8 20. d5 e5 21. Bg3 Kf8 22. g5 Ke7 23. e4 a6 24. f3 b5 25. Kf1 Bh3+ 26. Ke1 Kd6 27. Bf2 h6 28. Be3 hxg5 29. Bxg5 Nb7 30. Nb3 f6 31. Be3 f5 32. Kd2 f4 33. Ba7 Kc7 34. Kc3 Bf8 35. Bf2 Be7 36. Kc2 g5 37. Kc3 Bd7 38. Nc1 Nc5 39. Nd3 Nxd3 40. Kxd3 a5 41. Be1 Kb6 42. Bc3 Bd6 43. Kc2 Bc8 44. Kb3 Ba6 45. Be1 a4+ 46. Kb2 Bc5 47. h4 gxh4 48. Bxh4 Bd4+ 49. Kc2 Bc8 50. Bd8+ Kc5 51. Be7+ Kb6 52. Bd8+ Kc5 53. Be7+ Kb6 54. Bd6 Bd7 55. Be7 Ka5 56. Bd8+ Kb4 57. Be7+ Ka5 58. a3 Kb6 59. Bd8+ Kc5 60. Be7+ Kb6 61. Bd8+ Kc5 62. Bf1 Kd6 63. Ba5 Bc5 64. Kb2 Bd4+ 65. Kc2 Bc5 66. Kb2 Bd4+ 67. Kc2 1/2-1/2

[Event "Polgar Challenge 2021"]
[Site "Online"]
[Date "2021.04.04"]
[Round "3.9"]
[White "Bjerre, Jonas Buhl"]
[Black "Mendonca, Leon Luke"]
[Result "0-1"]
[ECO "D78"]
[WhiteElo "2550"]
[BlackElo "2549"]
[Annotator "ChessBase"]
[PlyCount "100"]
[EventDate "2021.04.08"]
[EventType "tourn"]
[EventCountry "NET"]
[SourceTitle "playchess.com"]
[Source "ChessBase"]
[SourceQuality "1"]
[TimeControl "600+5"]

1. d4 Nf6 2. c4 c6 3. Nf3 d5 4. g3 g6 5. Bg2 Bg7 6. O-O O-O 7. b3 a5 8. Nc3 Bf5 9. Bb2 Ne4 10. Ne5 Nxc3 11. Bxc3 Bxe5 12. dxe5 dxc4 13. Qc1 cxb3 14. axb3 Nd7 15. e4 Be6 16. f4 Qb6+ 17. Kh1 f5 18. exf6 exf6 19. f5 gxf5 20. exf5 Bxb3 21. Rb1 a4 22. g4 Rae8 23. g5 Qe3 24. Bd2 Qc5 25. Qxc5 Nxc5 26. Bb4 Re5 27. Bc3 Ree8 28. Bb4 b6 29. Bxc6 Rc8 30. Bg2 fxg5 31. f6 Kf7 32. Bf3 Kg6 33. Bg4 Rcd8 34. Bf5+ Kf7 35. Bg4 Kg6 36. Rbe1 Rde8 37. Rc1 Re5 38. Bc3 Rd5 39. Rce1 h5 40. Bf3 Rf5 41. Kg1 g4 42. Bc6 Rxf1+ 43. Kxf1 a3 44. Re7 Rxf6+ 45. Bxf6 Kxf6 46. Ra7 a2 47. Ra3 Ke5 48. Ke2 Kd4 49. Kd2 h4 50. Kc1 Kc3 0-1

[Event "Polgar Challenge 2021"]
[Site "Online"]
[Date "2021.04.04"]
[Round "3.10"]
[White "Gukesh D"]
[Black "Keymer, Vincent"]
[Result "1-0"]
[ECO "D41"]
[WhiteElo "2578"]
[BlackElo "2591"]
[Annotator "ChessBase"]
[PlyCount "163"]
[EventDate "2021.04.08"]
[EventType "tourn"]
[EventCountry "NET"]
[SourceTitle "playchess.com"]
[Source "ChessBase"]
[SourceQuality "1"]
[TimeControl "600+5"]

1. c4 c6 2. e4 d5 3. cxd5 cxd5 4. exd5 Nf6 5. Nc3 Nxd5 6. Nf3 Nc6 7. Bc4 e6 8. O-O Be7 9. d4 O-O 10. Qe2 Nxc3 11. bxc3 b6 12. Bd3 Bb7 13. Qe4 g6 14. Bh6 Re8 15. Qg4 Bf8 16. Bg5 Qc8 17. Rac1 Bg7 18. Qh4 Qc7 19. Rfe1 Ne7 20. Bf4 Qd8 21. Qg3 Nd5 22. Bg5 Qc7 23. Qh4 Rac8 24. c4 Ne7 25. Ne5 Nc6 26. Ng4 f5 27. Nf6+ Bxf6 28. Bxf6 Qf7 29. d5 Nb4 30. Bb1 exd5 31. Rxe8+ Qxe8 32. Qh6 Qf8 33. Qh4 Qe8 34. Qh6 Qf7 35. Bc3 Rxc4 36. a3 Na6 37. Bd3 Rc8 38. Bb2 Nc5 39. Bf1 Rd8 40. Qh4 Re8 41. Qd4 Kf8 42. Qh8+ Ke7 43. Re1+ Ne6 44. Qe5 Kf8 45. Bb5 Rc8 46. Qd6+ Qe7 47. Rxe6 Qxd6 48. Rxd6 Rc2 49. Rd8+ Ke7 50. Rd7+ Ke6 51. Rxb7 Rxb2 52. Bf1 d4 53. Rxa7 Rb1 54. Ra8 Ke7 55. Ra4 Rd1 56. g3 d3 57. Rd4 d2 58. Kg2 Ke6 59. Be2 Ra1 60. Rxd2 Rxa3 61. Rb2 f4 62. Rxb6+ Ke5 63. Rb5+ Kf6 64. gxf4 Rc3 65. Bf3 h6 66. Rb6+ Kf5 67. Kg3 h5 68. Rb5+ Kf6 69. h4 Ra3 70. f5 gxf5 71. Rb6+ Kg7 72. Kf4 Ra2 73. Kg5 Rxf2 74. Rb7+ Kg8 75. Kg6 Kf8 76. Kf6 Ke8 77. Bxh5+ Kd8 78. Bg6 f4 79. h5 f3 80. h6 Rh2 81. Kg7 f2 82. Rf7 1-0

[Event "Polgar Challenge 2021"]
[Site "Online"]
[Date "2021.04.04"]
[Round "4.1"]
[White "Zhu, Jiner"]
[Black "Keymer, Vincent"]
[Result "1/2-1/2"]
[ECO "C78"]
[WhiteElo "2459"]
[BlackElo "2591"]
[Annotator "ChessBase"]
[PlyCount "118"]
[EventDate "2021.04.08"]
[EventType "tourn"]
[EventCountry "NET"]
[SourceTitle "playchess.com"]
[Source "ChessBase"]
[SourceQuality "1"]
[TimeControl "600+5"]

1. e4 e5 2. Nf3 Nc6 3. Bb5 a6 4. Ba4 Nf6 5. O-O Bc5 6. d3 d6 7. h3 h6 8. c3 O-O 9. Nbd2 Ba7 10. Re1 Ne7 11. Nf1 Ng6 12. Ng3 Nh7 13. d4 Ng5 14. Be3 Qf6 15. Nh2 Nf4 16. dxe5 dxe5 17. Bxa7 Rxa7 18. Ng4 Bxg4 19. Qxg4 b5 20. Bb3 c5 21. Bd5 g6 22. h4 Nh7 23. h5 Kh8 24. Rad1 Ng5 25. Kf1 c4 26. Rd2 Rc7 27. Re3 Kh7 28. b3 Rd8 29. bxc4 Rxc4 30. Qd1 Rcc8 31. Bb7 Rb8 32. Bd5 Rd6 33. hxg6+ Nxg6 34. Nf5 Rdd8 35. g3 Ne7 36. Nxe7 Qxe7 37. Qg4 Qf6 38. Red3 b4 39. cxb4 Rxb4 40. Kg2 a5 41. a3 Rbb8 42. Bc4 Rxd3 43. Bxd3 Rd8 44. Rd1 Ne6 45. Bc4 Nd4 46. Qh5 Kg7 47. Rh1 Rd6 48. Rh4 Qe7 49. Rh1 Rg6 50. Rb1 Rg5 51. Qd1 Rg6 52. Bd5 Qxa3 53. Rb7 Ne6 54. Bxe6 Rxe6 55. Qg4+ Rg6 56. Qf5 Rf6 57. Qg4+ Rg6 58. Qf5 Rf6 59. Qg4+ Rg6 1/2-1/2

[Event "Polgar Challenge 2021"]
[Site "Online"]
[Date "2021.04.04"]
[Round "4.2"]
[White "Mendonca, Leon Luke"]
[Black "Gukesh D"]
[Result "1/2-1/2"]
[ECO "E54"]
[WhiteElo "2549"]
[BlackElo "2578"]
[Annotator "ChessBase"]
[PlyCount "147"]
[EventDate "2021.04.08"]
[EventType "tourn"]
[EventCountry "NET"]
[SourceTitle "playchess.com"]
[Source "ChessBase"]
[SourceQuality "1"]
[TimeControl "600+5"]

1. d4 d5 2. Nf3 Nf6 3. c4 e6 4. Nc3 c5 5. e3 cxd4 6. exd4 Bb4 7. Bd3 dxc4 8. Bxc4 O-O 9. O-O Nbd7 10. Bg5 Bxc3 11. bxc3 Qc7 12. Qe2 b6 13. Rac1 Bb7 14. Bd3 Ng4 15. Be4 Bxe4 16. Qxe4 Ngf6 17. Qe2 Qb7 18. c4 Qe4 19. Qxe4 Nxe4 20. Be3 Rac8 21. a4 Rc6 22. Rc2 Rfc8 23. Rfc1 Nd6 24. Nd2 Nf6 25. Kf1 Nd5 26. Ke2 a5 27. c5 Nf5 28. Nb3 Kf8 29. Rc4 Nd6 30. R4c2 Nf5 31. Kd2 Nb4 32. Rb2 Nd5 33. cxb6 Rxc1 34. Nxc1 Nd6 35. Ke2 Rb8 36. b7 Rxb7 37. Rxb7 Nxb7 38. Bd2 Nb6 39. Nb3 Nxa4 40. Nxa5 Nd8 41. Bb4+ Ke8 42. Kd3 Nb6 43. Nc4 Nd5 44. Bd2 f6 45. g3 Nc6 46. Nd6+ Kd7 47. Ne4 Ke7 48. Kc4 Kf7 49. h3 Nce7 50. Nd6+ Kg6 51. Kd3 h5 52. Ne4 Nf5 53. Nc5 Kf7 54. Ne4 g5 55. Nc5 h4 56. g4 Nfe7 57. Ke4 Ng6 58. Nd3 Nde7 59. f4 gxf4 60. Nxf4 f5+ 61. gxf5 Nxf5 62. Nxg6 Kxg6 63. Ke5 Ng7 64. Be1 Kg5 65. Bf2 Nf5 66. Kxe6 Kf4 67. d5 Ke4 68. Bg1 Ng7+ 69. Kf6 Kxd5 70. Bf2 Ke4 71. Bxh4 Nh5+ 72. Kg5 Nf4 73. Kg4 Nxh3 74. Kxh3 1/2-1/2

[Event "Polgar Challenge 2021"]
[Site "Online"]
[Date "2021.04.04"]
[Round "4.3"]
[White "Abdumalik, Zhansaya"]
[Black "Bjerre, Jonas Buhl"]
[Result "0-1"]
[ECO "B90"]
[WhiteElo "2472"]
[BlackElo "2550"]
[Annotator "ChessBase"]
[PlyCount "92"]
[EventDate "2021.04.08"]
[EventType "tourn"]
[EventCountry "NET"]
[SourceTitle "playchess.com"]
[Source "ChessBase"]
[SourceQuality "1"]
[TimeControl "600+5"]

1. e4 c5 2. Nf3 d6 3. d4 cxd4 4. Nxd4 Nf6 5. Nc3 a6 6. h3 e5 7. Nde2 h5 8. g3 Be7 9. Bg2 b5 10. O-O Nbd7 11. a4 b4 12. Nd5 a5 13. Nxe7 Qxe7 14. c3 Nc5 15. Bg5 Qe6 16. f4 Ba6 17. cxb4 axb4 18. Rc1 Rc8 19. fxe5 dxe5 20. Bxf6 gxf6 21. Qd2 O-O 22. Qh6 f5 23. Qxh5 Qg6 24. Bf3 Qxh5 25. Bxh5 fxe4 26. Rf6 Bxe2 27. Bxe2 Nxa4 28. Rxc8 Rxc8 29. b3 Kg7 30. Rd6 Rc1+ 31. Kf2 Nc5 32. Rb6 Rc2 33. Kf1 Nd3 34. Rd6 Rc3 35. Bd1 Nc5 36. Kf2 Nxb3 37. Rd5 Nc5 38. Be2 f6 39. h4 b3 40. Rd2 Rc2 41. Rd6 b2 42. Rb6 Na4 43. Rb7+ Kh6 44. g4 Nc3 45. g5+ fxg5 46. hxg5+ Kxg5 0-1

[Event "Polgar Challenge 2021"]
[Site "Online"]
[Date "2021.04.04"]
[Round "4.4"]
[White "Khademalsharieh, Sarasadat"]
[Black "Shuvalova, Polina"]
[Result "0-1"]
[ECO "D29"]
[WhiteElo "2494"]
[BlackElo "2476"]
[Annotator "ChessBase"]
[PlyCount "92"]
[EventDate "2021.04.08"]
[EventType "tourn"]
[EventCountry "NET"]
[SourceTitle "playchess.com"]
[Source "ChessBase"]
[SourceQuality "1"]
[TimeControl "600+5"]

1. d4 Nf6 2. c4 e6 3. Nf3 d5 4. Nc3 dxc4 5. e3 a6 6. Bxc4 b5 7. Bb3 Bb7 8. O-O c5 9. Qe2 Nbd7 10. Rd1 Be7 11. d5 exd5 12. Nxd5 Nxd5 13. Bxd5 Bxd5 14. Rxd5 Qc7 15. e4 O-O 16. e5 Nb6 17. Rd1 Rad8 18. Bf4 c4 19. h4 h6 20. Nd4 Qc8 21. Qe4 Bc5 22. Nf5 Qe6 23. h5 Kh8 24. Bg3 Rfe8 25. Qg4 Bf8 26. Qf3 b4 27. Nd6 Bxd6 28. exd6 Nd7 29. Qc6 a5 30. Rac1 Rc8 31. Qf3 Rc5 32. Rd4 Nf6 33. Rh4 c3 34. bxc3 bxc3 35. Kh2 c2 36. Bf4 Rd8 37. Qe3 Ng4+ 38. Rxg4 Qxg4 39. Bg3 Rxh5+ 40. Kg1 Rd5 41. Qe7 Rd1+ 42. Kh2 Qh5+ 43. Bh4 R8xd6 44. Rxc2 Re6 45. Rc5 Rh1+ 46. Kxh1 Qd1+ 0-1